 Dungeon Crawl Stone Soup version 0.18.1-8-gdd0e5ea (webtiles) character file.

4580 matakusis the Covert (level 10, -10/63 HPs)
             Began as a Vampire Enchanter on June 11, 2016.
             Was a Believer of Sif Muna.
             Killed from afar by an ice statue (26 damage)
             ... with a freezing blast
             ... in an ice cave.
             The game lasted 00:49:11 (7889 turns).

matakusis the Covert (Vampire Enchanter)            Turns: 7889, Time: 00:49:13

Health: -10/63     AC:  6    Str:  7    XL:     10   Next: 18%
Magic:  5/18       EV: 17    Int: 18    God:    Sif Muna [**....]
Gold:   282        SH:  8    Dex: 24    Spells: 4 memorised, 11 levels left

rFire  . . .     SeeInvis +     e - +3 short sword (venom)
rCold  . . .     Gourm    .     b - +1 robe
rNeg   . . .     Faith    .     q - +2 buckler
rPois  .         Spirit   .     p - +1 helmet
rElec  .         Dismiss  .     A - +0 cloak
rCorr  .         Reflect  .     (no gloves)
SustAt +         Harm     .     (no boots)
MR     +....                    s - amulet of regeneration
Stlth  +++++++...               a - ring of sustain attributes
                                o - +6 ring of dexterity

@: regenerating quickly, somewhat resistant to hostile enchantments, extremely
stealthy
A: fangs 3, see invisible, unbreathing
a: Channel Energy, Renounce Religion


You were in an ice cave.
You worshipped Sif Muna.
Sif Muna was pleased with you.
You were very full.

You visited 2 branches of the dungeon, and saw 9 of its levels.
You also visited: Sewer and Ice Cave.

You collected 394 gold pieces.
You spent 112 gold pieces at shops.

Inventory:

Hand Weapons
 e - a +3 short sword of venom (weapon)
Missiles
 z - 5 poisoned tomahawks (quivered)
Armour
 b - a +1 robe (worn)
 p - a +1 helmet (worn)
 q - a +2 buckler (worn)
 A - a +0 cloak (worn)
Jewellery
 a - a ring of sustain attributes (right hand)
 h - an uncursed ring of resist corrosion
 o - a +6 ring of dexterity (left hand)
 s - an amulet of regeneration (around neck)
Wands
 f - a wand of lightning (4/15)
Scrolls
 d - 2 scrolls of recharging
 g - 9 scrolls of identify
 r - 3 scrolls of teleportation
 u - a scroll of remove curse
 y - a scroll of magic mapping {unknown}
Potions
 i - 2 potions of agility
 j - 5 potions of curing
 k - 11 potions of blood
 m - 2 potions of brilliance
 n - a potion of resistance
 t - 2 potions of might
 w - 3 potions of lignification {unknown}
 x - a potion of flight
Books
 c - a book of Maledictions

   Spells                             Type                      Level
   a - Corona                         Hexes                        1
   b - Ensorcelled Hibernation        Hexes/Ice                    2
   c - Confuse                        Hexes                        3
   d - Tukima's Dance                 Hexes                        3
   e - Dazzling Spray                 Conjuration/Hexes            3
 l - a book of Minor Magic

   Spells                             Type                      Level
   a - Magic Dart                     Conjuration                  1
   b - Blink                          Translocation                2
   c - Call Imp                       Summoning                    2
   d - Repel Missiles                 Charms/Air                   2
   e - Slow                           Hexes                        2
   f - Conjure Flame                  Conjuration/Fire             3
   g - Mephitic Cloud                 Conjuration/Poison/Air       3


   Skills:
 + Level 2.5 Short Blades
 + Level 5.3 Dodging
 * Level 14.4 Stealth
 * Level 4.5 Shields
 + Level 5.8 Spellcasting
 + Level 9.0 Hexes
 * Level 3.7 Summonings


You had 11 spell levels left.
You knew the following spells:

 Your Spells              Type           Power        Failure   Level  Hunger
a - Corona                Hex            #####..      1%          1    None
b - Confuse               Hex            #####...     1%          3    ##.....
c - Tukima's Dance        Hex            #####...     1%          3    ##.....
d - Call Imp              Summ           ###.....     4%          2    None


Dungeon Overview and Level Annotations

Branches:
Dungeon (8/15)             Temple (0/1) D:7            Lair (1/8) D:8

Altars:
Ashenzari
Cheibriados
Elyvilon
Gozag
Nemelex Xobeh
Ru
Sif Muna
Xom
The Shining One

Shops:
D:4 *   D:7 [

Annotations:
IceCv exclusion: 2 ice statues, matakusis's ghost, novice DEWz


Innate Abilities, Weirdness & Mutations

Your natural rate of healing is unusually fast.
You have razor-sharp teeth.
You have supernaturally acute eyesight.
You can survive without breathing.


Message History

You see here 34 gold pieces.
Your surroundings suddenly seem different!
Marking area around the ice statue as unsafe for travelling.
Marking area around the ice statue as unsafe for travelling. 2 ice statues come into view.
Found four items.
Found an ice covered gate leading back out of this place.
Okay, then.
The ice statue gestures.
You see here 7 gold pieces.
You now have 282 gold pieces (gained 7).
The ice statue gestures.
You hit the ice beast but do no damage.
You bite the ice beast, but do no damage.
The ice statue gestures at you. The freezing blast engulfs you!
* * * LOW HITPOINT WARNING * * *
The ice statue gestures at you. The freezing blast engulfs you!
You die...

#####
####...###
##........##
##..........#
##...........#
#.......8..8.#
#.......§§Y..#
#.∩.....Y@§}.#
#.......§§§..#
#.......8.§8.#
##...........#
##..........#
##........##
####...###
#####


You could see 2 ice statues and 2 ice beasts.

Vanquished Creatures
  Pikel (D:7)
  A spiny frog (Lair:1)
  A komodo dragon (Lair:1)
  Prince Ribbit (D:5)
  Eustachio (D:5)
  The ghost of Malvoorn the Slasher, an amateur DsAK of Lugonu (D:3)
  2 centaurs
  A porcupine (Lair:1)
  Purgy (Sewer)
  7 ice beasts
  2 necrophages
  2 ogres (D:8)
  A big kobold (D:8)
  5 giant frogs
  2 scorpions
  3 wights (D:7)
  5 howler monkeys (D:8)
  4 crimson imps
  A quasit (D:8)
  2 giant frog zombies
  2 orc priests
  4 orc wizards
  A jelly (D:5)
  Crazy Yiuf (D:7)
  2 iguanas
  2 worker ants
  A killer bee zombie (D:7)
  A hound zombie (D:5)
  3 gnolls (D:2)
  A howler monkey skeleton (D:7)
  8 adders
  A shadow imp (D:7)
  12 white imps (Lair:1)
  6 worms
  3 dart slugs
  7 giant geckos
  14 orcs
  11 giant cockroaches
  3 goblins
  6 hobgoblins
  8 jackals
  13 kobolds
  4 quokkas
  A ball python (D:3)
  16 bats
  2 giant gecko skeletons
  6 giant newts
  7 rats
190 creatures vanquished.

Vanquished Creatures (collateral kills)
  An orc priest (D:8)
1 creature vanquished.

Vanquished Creatures (others)
  A slave (D:7)
  A giant frog zombie (D:7)
  An orc (D:7)
  A giant newt (D:7)
4 creatures vanquished.

Grand Total: 195 creatures vanquished

Notes
Turn   | Place    | Note
--------------------------------------------------------------
     0 | D:1      | matakusis the Vampire Enchanter began the quest for the Orb.
     0 | D:1      | Reached XP level 1. HP: 13/13 MP: 3/3
   237 | D:1      | Reached XP level 2. HP: 16/19 MP: 3/5
   665 | D:1      | Reached skill level 5 in Stealth
  1343 | D:2      | Reached XP level 3. HP: 24/24 MP: 4/6
  1431 | D:2      | Learned a level 3 spell: Confuse
  1592 | D:2      | Found a shattered altar of Ashenzari.
  1736 | D:2      | Reached skill level 6 in Stealth
  1736 | D:2      | Reached XP level 4. HP: 30/30 MP: 7/7
  1972 | D:3      | Noticed Malvoorn's ghost (amateur DsAK)
  2152 | D:2      | Gained mutation: Armour fits poorly on your strangely shaped body. [potion of mutation]
  2152 | D:2      | Lost mutation: Armour fits poorly on your strangely shaped body. [potion of mutation]
  2152 | D:2      | Gained mutation: Your body sometimes deteriorates upon taking damage. [potion of mutation]
  2158 | D:2      | Gained mutation: You are resistant to hostile enchantments. [potion of mutation]
  2158 | D:2      | Gained mutation: You are partially covered in large bone plates (AC +2, SH +2). [potion of mutation]
  2177 | D:3      | Killed Malvoorn's ghost
  2177 | D:3      | Reached skill level 8 in Stealth
  2177 | D:3      | Reached skill level 5 in Hexes
  2177 | D:3      | Reached XP level 5. HP: 35/35 MP: 5/9
  2552 | D:3      | Found a glowing golden altar of the Shining One.
  2727 | D:3      | Noticed a phantom
  2733 | D:3      | Noticed a necrophage
  2763 | D:3      | Killed a necrophage
  2763 | D:3      | Reached XP level 6. HP: 22/41 MP: 1/10
  2765 | D:3      | Found a sacrificial altar of Ru.
  3188 | D:3      | Learned a level 3 spell: Tukima's Dance
  3252 | D:4      | Found a glowing drain.
  3289 | Sewer    | Entered a sewer
  3384 | Sewer    | Noticed Purgy
  3386 | Sewer    | Killed Purgy
  3386 | Sewer    | Reached skill level 9 in Stealth
  3617 | D:4      | Found Langaj's Assorted Antiques.
  3639 | D:4      | Bought a shiny buckler for 112 gold pieces
  3681 | D:4      | Reached XP level 7. HP: 46/46 MP: 12/12
  4040 | D:4      | Lost mutation: Your body sometimes deteriorates upon taking damage. [potion of cure mutation]
  4040 | D:4      | Lost mutation: You are resistant to hostile enchantments. [potion of cure mutation]
  4040 | D:4      | Lost mutation: You are partially covered in large bone plates (AC +2, SH +2). [potion of cure mutation]
  4082 | D:5      | Entered Level 5 of the Dungeon
  4109 | D:5      | Noticed Eustachio
  4113 | D:5      | Killed Eustachio
  4113 | D:5      | Reached skill level 10 in Stealth
  4113 | D:5      | Reached skill level 1 in Shields
  4116 | D:5      | Noticed Prince Ribbit
  4127 | D:5      | Killed Prince Ribbit
  4138 | D:5      | Found a white marble altar of Elyvilon.
  4145 | D:5      | Reached XP level 8. HP: 52/52 MP: 7/13
  4277 | D:5      | Reached skill level 11 in Stealth
  4549 | D:5      | Learned a level 2 spell: Call Imp
  4605 | D:5      | Found a deep blue altar of Sif Muna.
  4608 | D:5      | Became a worshipper of Sif Muna the Loreminder
  4666 | D:5      | Found a snail-covered altar of Cheibriados.
  4893 | D:6      | Reached skill level 1 in Summonings
  5454 | D:7      | Reached skill level 12 in Stealth
  5549 | D:7      | Found an opulent altar of Gozag.
  5743 | D:7      | Found Vaafob's Armour Shop.
  5906 | D:7      | Found a staircase to the Ecumenical Temple.
  5911 | D:7      | Noticed Pikel
  5932 | D:7      | Killed Pikel
  5932 | D:7      | Reached skill level 13 in Stealth
  5932 | D:7      | Reached XP level 9. HP: 57/57 MP: 1/15
  6334 | D:7      | Noticed Crazy Yiuf
  6340 | D:7      | Killed Crazy Yiuf
  6480 | D:8      | Reached * piety under Sif Muna
  6502 | D:8      | Reached skill level 5 in Spellcasting
  6546 | D:8      | Found a sparkling altar of Nemelex Xobeh.
  6702 | D:8      | Reached skill level 5 in Dodging
  7065 | D:8      | Found a staircase to the Lair.
  7117 | D:8      | Reached skill level 14 in Stealth
  7210 | D:8      | Found a shimmering altar of Xom.
  7615 | Lair:1   | Entered Level 1 of the Lair of Beasts
  7626 | Lair:1   | Noticed a komodo dragon
  7633 | Lair:1   | Killed a komodo dragon
  7648 | Lair:1   | Found a frozen archway.
  7686 | Lair:1   | Noticed a spiny frog
  7710 | Lair:1   | Killed a spiny frog
  7710 | Lair:1   | Reached XP level 10. HP: 33/63 MP: 4/18
  7743 | Lair:1   | Reached ** piety under Sif Muna
  7838 | IceCv    | Entered an ice cave
  7838 | IceCv    | Noticed matakusis's ghost (novice DEWz)
  7882 | IceCv    | Noticed an ice statue
  7882 | IceCv    | Noticed an ice statue
  7889 | IceCv    | Killed from afar by an ice statue

Skill      XL: |  1  2  3  4  5  6  7  8  9 |
---------------+----------------------------+-----
Stealth        | 5 6 8 9 10 13 14 | 14.4
Dodging        | 3 4 5 |  5.3
Hexes          | 5 6 7 9 |  9.0
Spellcasting   | 3 4 5 |  5.8
Shields        | 1 3 4 |  4.5
Summonings     | 2 3 |  3.7
Short Blades   | 2 |  2.5

Action                   |  1- 3 |  4- 6 |  7- 9 | 10-12 || total
-------------------------+-------+-------+-------+-------++-------
Melee: Dagger            |   130 |   104 |    27 |       ||   261
       Bite              |     7 |     5 |    25 |     7 ||    44
       Short sword       |       |       |   196 |    43 ||   239
 Cast: Corona            |    23 |     2 |     1 |       ||    26
       Confuse           |     3 |    27 |    71 |     9 ||   110
       Tukima's Dance    |       |       |     1 |       ||     1
  Use: Potion            |     9 |     8 |     5 |    12 ||    34
       Scroll            |       |     2 |    10 |       ||    12
 Stab: Sleeping          |    12 |    20 |    27 |     3 ||    62
       Confused          |     3 |     7 |    32 |     2 ||    44
       Distracted        |       |       |     2 |       ||     2
Armor: Robe              |    33 |    13 |    23 |     3 ||    72
Dodge: Dodged            |   106 |    62 |    95 |    25 ||   288
Block: Other             |       |     3 |       |       ||     3
       Buckler           |       |       |    47 |    11 ||    58
